 Dungeon Crawl Stone Soup version 0.22-a0-265-g0d8bc90 (webtiles) character file.

402704 MatthieuS the Earth Mage (level 23, -5/149 HPs)
             Began as a Gargoyle Earth Elementalist on Mar 4, 2018.
             Was a High Priest of Sif Muna.
             Killed by mirror damage (46 damage)
             ... on level 5 of the Vaults on Mar 7, 2018.
             The game lasted 06:02:28 (70483 turns).

MatthieuS the Earth Mage (GrEE)                    Turns: 70483, Time: 06:02:28

Health: -5/149     AC: 34    Str: 13    XL:     23   Next: 33%
Magic:  59/71      EV: 14    Int: 33    God:    Sif Muna [*****.]
Gold:   4115       SH: 22    Dex: 10    Spells: 0/54 levels left

rFire    + + +     SeeInvis .   q - staff of power {!a}
rCold    + + .     Gourm    .   g - +2 shield {rC+}
rNeg     + . .     Faith    .   M - +3 leather armour of Rauhum {Regen+}
rPois    ∞         Spirit   .   V - +0 Maxwell's etheric cage {RegenMP+ *Contam rElec MP+4}
rElec    +         Reflect  +   v - scarf {rC+ rF+}
rCorr    .         Harm     .   t - +0 pair of gloves "Xelloadwiq" {*Contam rElec rPois Int+8} (curse)
MR       +....                  N - +2 pair of boots {run}
Stlth    +++++.....             O - +3 amulet of reflection
HPRegen  0.74/turn              f - ring of magical power MPRegen 0.92/turn*
                                o - ring of Shadows {Umbra +Inv Stlth+}

@: flying, slightly contaminated, wreathed by umbra, quick
A: big wings, large bone plates 1, yellow scales 1, blink, blurry vision 1,
deterioration 1, fire resistance 2, negative energy resistance 1, sense
surroundings 1, electricity resistance, unbreathing, petrification resistance,
rot immunity, AC +17
}: 2/15 runes: barnacled, gossamer
a: Stop Flying, Blink, Divine Energy, Channel Magic, Forget Spell, Renounce
Religion, Evoke Invisibility


You were on level 5 of the Vaults.
You worshipped Sif Muna.
Sif Muna was extremely pleased with you.
You were hungry.

You visited 8 branches of the dungeon, and saw 40 of its levels.
You also visited: Trove, Sewer, Ossuary and Ice Cave.

You collected 6504 gold pieces.
You spent 2389 gold pieces at shops.

Inventory:

Hand Weapons
 a - a +8 short sword of electrocution
   (You found it on level 1 of the Dungeon)
Missiles
 b - 112 stones
 U - 12 throwing nets (quivered) {!f}
Armour
 g - a +2 shield of cold resistance (worn)
   (You found it in a treasure trove)
 t - the cursed +0 pair of gloves "Xelloadwiq" (worn) {*Contam rElec rPois Int+8}
   (You bought it in a shop on level 1 of the Elven Halls)

   It affects your intelligence (+8).
   It insulates you from electricity.
   It protects you from poison.
   It causes magical contamination when unequipped.
   It has a curse placed upon it.
 v - a scarf of resistance (worn)
   (You found it in a treasure trove)
 M - the +3 leather armour of Rauhum (worn) {Regen+}
   (You took it off a deep elf death mage on level 3 of the Elven Halls)

   It increases your rate of regeneration.
 N - a +2 pair of boots of running (worn)
   (You found it in an ice cave)
 V - the +0 Maxwell's etheric cage (worn) {RegenMP+ *Contam rElec MP+4}
   (You found it on level 3 of the Elven Halls)

   It insulates you from electricity.
   It affects your magic capacity (+4).
   It causes magical contamination when unequipped.
Magical Staves
 e - an uncursed staff of earth
   (You acquired it on level 5 of the Lair of Beasts)
 m - an uncursed staff of wizardry {!a}
   (You found it on level 3 of the Elven Halls)
 q - an uncursed staff of power (weapon) {!a}
   (You found it on level 3 of the Elven Halls)
 H - an uncursed staff of conjuration {!a}
   (You found it on level 2 of the Shoals)
Jewellery
 f - a ring of magical power (left hand)
   (You found it in a treasure trove)
 n - the ring "Sung" {rF+ rC+}
   (You found it in a treasure trove)

   [ring of protection from fire]

   It protects you from fire.
   It protects you from cold.
 o - the ring of Shadows (right hand) {Umbra +Inv Stlth+}
   (You found it on level 2 of the Vaults)

   [ring of stealth]

   It lets you turn invisible.
   It makes you more stealthy.
 z - an uncursed ring of see invisible
   (You found it in a treasure trove)
 O - a +3 amulet of reflection (around neck)
   (You took it off a deep elf elementalist on level 3 of the Elven Halls)
 S - an uncursed ring of resist corrosion
   (You found it on level 4 of the Lair of Beasts)
Wands
 p - a wand of digging (43)
   (You found it in a sewer)
 u - a wand of paralysis (35)
   (You found it on level 10 of the Dungeon)
 x - a wand of acid (28)
   (You found it on level 7 of the Dungeon)
Scrolls
 h - 5 scrolls of amnesia
 i - 2 scrolls of blinking
 k - 4 scrolls of immolation {!r}
 s - 19 scrolls of remove curse {@r2}
 B - 8 scrolls of fog
 R - 3 scrolls of fear
 T - 8 scrolls of enchant armour
 W - a scroll of summoning
 X - 7 scrolls of magic mapping
Potions
 j - 4 potions of haste {@q3}
 r - 3 potions of agility
 w - 2 potions of resistance
 y - 2 potions of heal wounds {@q2}
 A - 17 potions of curing {@q1}
 C - 5 potions of magic
 E - 8 potions of brilliance
 F - 4 potions of invisibility
 G - 5 potions of ambrosia
 I - 11 potions of lignification {!q}
 J - 5 potions of might
 K - a potion of cancellation
Miscellaneous
 d - a fan of gales
   (You found it on level 4 of the Vaults)
 Q - a lamp of fire
   (You found it on level 2 of the Shoals)
Comestibles
 c - 37 rations


   Skills:
 - Level 17.1 Fighting
 - Level 4.0 Short Blades
 - Level 2.0 Staves
 - Level 3.0 Throwing
 - Level 15.1 Armour
 - Level 5.6 Dodging
 - Level 6.0 Stealth
 - Level 15.0 Shields
 - Level 16.1 Spellcasting
 - Level 16.6 Conjurations
 + Level 3.9 Charms
 - Level 4.0 Transmutations
 + Level 3.5 Air Magic
 - Level 18.6 Earth Magic
 - Level 8.0 Poison Magic
 - Level 8.1 Invocations
 - Level 2.1 Evocations


You couldn't memorise any spells.
You knew the following spells:

 Your Spells              Type           Power        Failure   Level  Hunger
a - Sandblast             Erth           ######       0%          1    None
b - Passwall              Tmut/Erth      #######...   1%          2    None
c - Stone Arrow           Conj/Erth      ######       0%          3    None
d - Petrify               Tmut/Erth      #######.     1%          4    None
e - Lee's Rapid Deconstr  Erth           #######...   1%          5    None
f - Bolt of Magma         Conj/Fire/Erth #######...   1%          5    None
g - Orb of Destruction    Conj           #######...   1%          7    ####...
h - Apportation           Tloc           ####..       1%          1    None
i - Olgreb's Toxic Radia  Pois           ######..     1%          4    None
j - Irradiate             Conj/Tmut      #######...   1%          5    None
k - Poison Arrow          Conj/Pois      #######...   1%          6    #......
l - Blink                 Tloc           N/A          2%          2    None
m - Ignite Poison         Fire/Tmut/Pois ######..     1%          3    None
r - Deflect Missiles      Chrm/Air       ######....   50%         6    #......


Dungeon Overview and Level Annotations

Branches:
Dungeon (15/15)            Temple (1/1) D:4            Lair (6/6) D:10
 Shoals (4/4) Lair:4       Spider (4/4) Lair:3        Slime (0/5) Lair:6
    Orc (2/2) D:12            Elf (3/3) Orc:2        Vaults (5/5) D:14
  Crypt (0/3) Vaults:3
 Depths: D:15

Altars:
Ashenzari
Cheibriados
Dithmenos
Elyvilon
Hepliaklqana
Kikubaaqudgha
Makhleb
Okawaru
Sif Muna
Trog
Vehumet
Xom
Yredelemnul
Zin
The Shining One
Beogh
Jiyva

Shops:
D:9 ?   D:11 ?   Orc:1 !   Orc:2 }[*   Elf:1 [   Elf:2 *   Vaults:2 %
Vaults:3 }


Innate Abilities, Weirdness & Mutations

You are resistant to torment.
Your stone body is resilient. (AC +17)
You are immune to poison.
Your large and strong wings let you fly indefinitely.
You resist negative energy. (rN+)
You are resistant to electric shocks. (rElec)
You can survive without breathing.
You are immune to petrification.
You are immune to rotting.
You are partially covered in large bone plates. (SH +4)
You are partially covered in yellow scales. (AC +2)
You can translocate small distances at will.
Scrolls take you a little longer to read.
Your body sometimes deteriorates upon taking damage.
Your flesh is very heat resistant. (rF++)
You passively map a small area around you.


Message History

The fiery explosion engulfs you! You resist.
* * * LOW HITPOINT WARNING * * *
The fiery explosion engulfs the yaktaur.
The yaktaur explodes!
The fiery explosion engulfs you!
The fiery explosion engulfs the titan.
The fiery explosion engulfs the ironbrand convoker.
Sif Muna accepts your kill.
The fiery explosion engulfs the fire giant.
The fire giant resists.
The fiery explosion engulfs the titan.
The titan explodes!
The fiery explosion engulfs you! You resist.
* * * LOW HITPOINT WARNING * * *
The fiery explosion engulfs the ironbrand convoker.
The fiery explosion engulfs the fire giant.
The fire giant resists.
The fiery explosion engulfs the yaktaur captain.
The yaktaur captain explodes!
The fiery explosion engulfs the fire giant.
The fire giant resists.
The fiery explosion engulfs the ironbrand convoker.
The ironbrand convoker explodes!
The fiery explosion engulfs the fire giant.
The fire giant resists.
Sif Muna accepts your kill. x3
The fiery explosion engulfs the fire giant.
The fire giant resists.
Sif Muna accepts your kill.
Your Charms skill increases to level 3!
The fiery explosion engulfs the fire giant.
The fire giant resists.
The fiery explosion engulfs the fire giant.
The fire giant resists.
Sif Muna accepts your kill.
The storm dragon scales are intact enough to wear.
Your Air Magic skill increases to level 3!
The fiery explosion engulfs you! You resist.
* * * LOW HITPOINT WARNING * * *
Sif Muna accepts your kill. x2
The fiery explosion engulfs you!
The fiery explosion engulfs the fire giant.
The fire giant resists.
The fiery explosion engulfs the fire giant.
The fire giant resists.
Sif Muna accepts your kill. The fiery explosion engulfs you! You resist.
* * * LOW HITPOINT WARNING * * *
Sif Muna accepts your kill.
The shadow dragon scales are intact enough to wear.
Your damage is reflected back at you!
You die...

, * , , . #...(#
..#* , *.
#..%.#.....# * *
#.#.%.%#....%.
##%#(...#...... ,
##..%§.§.#%...% ,
TD%%§§§§§§...%.,
,
##%.§§§§§§§#####
,
,....C§§@§§§...(.
,
,...%§§§§C§§.%..(
,,
..§§§§§§§§§.....
, ,
..§§§§§§§(......
###§§§§§§%.#####
.e(.....(%. ,
..(%#..e.#...
,.((.#....##..#
,** , .( #....#
.##*


You could see a shadow dragon, 2 fire giants, a deep troll, a deep elf
demonologist and a deep elf archer.

Vanquished Creatures
  An ancient lich (Vaults:4)
  Bai Suzhen (Spider:3)
  Arachne (Spider:3)
  A lich (Vaults:4)
  An Ice Fiend (IceCv)
  A tentacled monstrosity (Vaults:5)
  2 deep elf blademasters (Elf:3)
  2 titans
  2 deep elf master archers (Elf:3)
  A kraken (Shoals:3)
  A sphinx (Vaults:4)
  The ghost of tuf08440 the Fighter, a journeyman DrEE of Vehumet (D:15)
  The ghost of b5mith the Fencer, an adept MiBe of Trog (Shoals:4)
  2 storm dragons (Vaults:5)
  Ilsuiw (Shoals:4)
  2 fire giants
  2 tengu reavers
  Donald (Elf:2)
  2 shadow dragons (Vaults:5)
  11 vault wardens
  4 deep elf sorcerers
  2 frost giants (Vaults:5)
  2 ghost moths (Spider:4)
  3 emperor scorpions
  5 deep elf elementalists
  13 ironheart preservers
  7 stone giants
  5 very ugly things
  6 entropy weavers
  A large abomination (Vaults:4)
  6 deep elf demonologists
  Azrael (D:12)
  15 deep elf annihilators
  2 spark wasps (Spider:4)
  3 fire dragons
  7 deep elf death magi
  4 ettins
  3 merfolk javelineers (Shoals:4)
  8 merfolk impalers
  2 deep elf high priests (Elf:3)
  6 yaktaur captains
  12 ogre magi
  5 great orbs of eyes
  Harold (Lair:2)
  6 ice dragons
  Fannar (D:11)
  2 alligator snapping turtles (Shoals:4)
  9 hydras
  A catoblepas (Lair:4)
  2 merfolk avatars
  34 vault guards
  8 centaur warriors
  Erica (D:8)
  29 two-headed ogres
  2 death knights
  7 merfolk aquamancers
  3 vampire magi (Vaults:3)
  2 deep troll shamans (Vaults:4)
  4 satyrs
  2 deep troll earth magi (Vaults:4)
  19 dancing weapons
  3 tengu warriors
  Urug (Lair:2)
  6 orc high priests
  19 deep elf knights
  8 skeletal warriors
  A shadow wraith (Vaults:5)
  9 sea snakes
  4 wizards (Vaults:2)
  7 deep trolls
  An unseen horror (D:10)
  A flayed ghost (Vaults:1)
  15 deep elf archers
  5 phantasmal warriors
  A glowing orange brain (shapeshifter) (Vaults:4)
  9 ironbrand convokers
  29 harpies
  An obsidian statue (Vaults:4)
  18 ugly things
  15 orb spiders
  The ghost of SpaceCabin the Skirmisher, a novice DrAE of Hepliaklqana (D:5)
  A fire giant zombie (D:15)
  6 orc sorcerers
  15 orc knights
  5 necromancers
  45 wolf spiders
  2 moths of wrath
  64 deep elf magi
  7 slime creatures
  15 fauns
  A manticore (shapeshifter) (Elf:2)
  8 manticores
  7 cyclopes
  A salamander (shapeshifter) (Vaults:1)
  11 elephants
  20 merfolk sirens
  Joseph (D:9)
  3 centaur zombies
  8 vault sentinels
  4 water nymphs (Shoals:4)
  A guardian serpent (shapeshifter) (Vaults:3)
  6 black mambas
  Psyche (D:9)
  2 torpor snails
  23 spiny frogs
  3 ice statues
  A gargoyle (D:11)
  12 freezing wraiths
  A redback zombie (D:15)
  An efreet (D:14)
  6 demonic crawlers
  6 komodo dragons
  22 yaktaurs
  8 anaconda simulacra (IceCv)
  7 ice devils (IceCv)
  A meliai (shapeshifter) (Vaults:3)
  30 merfolk
  3 meliai (Spider:4)
  4 tyrant leeches (Lair:6)
  3 polar bears
  4 trolls
  A wind drake (shapeshifter) (Vaults:1)
  4 wind drakes
  2 wolf spider simulacra (IceCv)
  Grinder (Sewer)
  25 jumping spiders
  A tengu simulacrum (Vaults:4)
  A polar bear (shapeshifter) (Vaults:4)
  11 hornets
  17 dream sheep
  10 hippogriffs
  An ettin zombie (Vaults:4)
  23 blink frogs
  9 snapping turtles
  68 redbacks
  A spriggan (shapeshifter) (Vaults:1)
  A dire elephant simulacrum (IceCv)
  A shadow (D:13)
  29 tarantellas
  3 air elementals
  4 wraiths
  13 water elementals
  2 vampires (D:14)
  2 basilisks
  5 centaur simulacra
  10 fire elementals
  43 yaks
  2 wyverns
  4 hungry ghosts
  Grum (D:9)
  A basilisk (shapeshifter) (Elf:1)
  7 vampire mosquitoes
  2 human simulacra
  Menkaure (D:7)
  3 iron troll simulacra (IceCv)
  8 wargs
  The ghost of Partyfoot the Sneak, an amateur KoAs (D:3)
  2 harpy simulacra (IceCv)
  14 water moccasins
  A soldier ant (D:14)
  3 acid dragons
  5 hydra simulacra (IceCv)
  8 porcupines
  2 hell hounds (D:12)
  4 ice beasts
  2 black bears
  4 sky beasts
  27 ogres
  A necrophage (D:13)
  44 orc warriors
  4 phantoms
  6 wolves
  33 centaurs
  9 crocodiles
  5 big kobolds
  17 bullfrogs
  Blork the orc (D:4)
  3 earth elementals
  A glowing shapeshifter simulacrum (Vaults:4)
  4 scorpions
  10 wights
  18 killer bees
  5 electric eels
  7 howler monkeys
  3 bullfrog zombies
  5 crimson imps
  A draconian simulacrum (IceCv)
  A lava snake (D:7)
  A quasit (Sewer)
  22 orc priests
  8 centaur skeletons
  5 hounds
  7 jellies
  6 iguanas
  28 orc wizards
  16 worker ants
  A polar bear simulacrum (IceCv)
  A troll simulacrum (IceCv)
  A spriggan simulacrum (IceCv)
  3 big kobold zombies (Sewer)
  2 hound skeletons
  A mummy (D:7)
  3 howler monkey zombies
  Robin (D:4)
  15 adders
  3 ogre simulacra (IceCv)
  A river rat (D:6)
  2 naga simulacra (IceCv)
  7 shadow imps
  8 white imps (IceCv)
  11 ufetubi
  5 oozes
  2 adder zombies (Ossuary)
  An adder skeleton (D:9)
  4 worms
  8 dart slugs
  4 leopard geckos
  90 orcs
  2 ball pythons
  9 giant cockroaches
  9 goblins
  15 hobgoblins
  7 jackals
  6 quokkas
  12 bats
  9 frilled lizards
  A giant cockroach zombie (Sewer)
  2 hobgoblin skeletons (Ossuary)
  A hobgoblin zombie (Ossuary)
  21 kobolds
  A kobold zombie (Ossuary)
  A leopard gecko zombie (D:5)
  2 orc skeletons (Ossuary)
  An orc zombie (Ossuary)
  9 rats
  A butterfly (Lair:4)
  2 crawling corpses (Vaults:5)
  A plant (Lair:6)
  A tentacle (Shoals:3)
1763 creatures vanquished.

Vanquished Creatures (collateral kills)
  A deep elf death mage (Elf:3)
1 creature vanquished.

Vanquished Creatures (others)
  A deep elf knight (Vaults:2)
  A shadow wraith (Vaults:4)
  A deep elf archer (Vaults:4)
  A harpy (Vaults:4)
  2 wolf spiders
  A snapping turtle (Shoals:4)
  A porcupine (Lair:3)
  An ogre (Vaults:3)
  An orc wizard (D:12)
  An ufetubus (Vaults:2)
  An ooze (Sewer)
  2 fungi
  29 plants
  15 tentacles (Shoals:3)
58 creatures vanquished.

Grand Total: 1822 creatures vanquished

Notes
Turn   | Place    | Note
-------+----------+-------------------------------------------
     0 | D:1      | MatthieuS the Gargoyle Earth Elementalist began the quest for the Orb.
     0 | D:1      | Reached XP level 1. HP: 10/10 MP: 3/3
   483 | D:1      | Reached XP level 2. HP: 16/16 MP: 3/5
   656 | D:1      | Learned a level 2 spell: Passwall
   857 | D:1      | Reached skill level 1 in Fighting
  1185 | D:1      | Reached XP level 3. HP: 6/20 MP: 0/6
  1438 | D:2      | Reached skill level 4 in Earth Magic
  1438 | D:2      | Reached XP level 4. HP: 25/25 MP: 4/7
  1743 | D:2      | Learned a level 3 spell: Stone Arrow
  1764 | D:2      | Reached skill level 1 in Armour
  2236 | D:2      | Reached XP level 5. HP: 29/30 MP: 5/9
  2399 | D:2      | Found a hazy altar of Hepliaklqana.
  2742 | D:3      | Found a roughly hewn altar of Beogh.
  3206 | D:3      | Noticed Partyfoot's ghost (amateur KoAs)
  3276 | D:3      | Found a glowing silver altar of Zin.
  3286 | D:3      | Learned a level 4 spell: Petrify
  3572 | D:3      | Killed Partyfoot's ghost
  3572 | D:3      | Reached XP level 6. HP: 36/36 MP: 0/11
  3998 | D:4      | Noticed Blork the orc
  4142 | D:4      | Noticed Robin
  4187 | D:4      | Killed Robin
  4245 | D:4      | Killed Blork the orc
  4245 | D:4      | Reached skill level 5 in Earth Magic
  4245 | D:4      | Reached XP level 7. HP: 28/40 MP: 5/13
  4443 | D:4      | Found a staircase to the Ecumenical Temple.
  4453 | Temple   | Entered the Ecumenical Temple
  4502 | Temple   | Became a worshipper of Sif Muna the Loreminder
  4556 | D:4      | Reached skill level 1 in Short Blades
  5212 | D:5      | Entered Level 5 of the Dungeon
  5431 | D:5      | Reached XP level 8. HP: 46/46 MP: 6/15
  5841 | D:5      | Reached skill level 1 in Conjurations
  5864 | D:5      | Noticed SpaceCabin's ghost (novice DrAE)
  5898 | D:5      | Killed SpaceCabin's ghost
  5898 | D:5      | Reached skill level 5 in Stealth
  5898 | D:5      | Reached skill level 5 in Spellcasting
  6197 | D:6      | Found a white marble altar of Elyvilon.
  6219 | D:6      | Found an iron altar of Okawaru.
  6299 | D:6      | Reached skill level 1 in Transmutations
  6316 | D:6      | Reached skill level 6 in Earth Magic
  6341 | D:6      | Reached * piety under Sif Muna
  6443 | D:6      | Found a glowing drain.
  6447 | Sewer    | Entered a sewer
  6652 | Sewer    | Found a burning altar of Makhleb.
  6660 | Sewer    | Reached XP level 9. HP: 52/52 MP: 17/17
  6726 | Sewer    | Noticed Grinder
  6735 | Sewer    | Killed Grinder
  6771 | Sewer    | Reached skill level 1 in Throwing
  7177 | D:6      | Reached ** piety under Sif Muna
  7398 | D:6      | Found a shimmering altar of Xom.
  7550 | D:7      | Found a shadowy altar of Dithmenos.
  7551 | D:7      | Found a shattered altar of Ashenzari.
  7582 | D:7      | Noticed Menkaure
  7592 | D:7      | Found a sand-covered staircase.
  7601 | Ossuary  | Entered an ossuary
  7793 | Ossuary  | Reached skill level 1 in Invocations
  7844 | D:7      | You fall through a shaft for 3 floors!
  7844 | D:10     | Entered Level 10 of the Dungeon
  7868 | D:10     | Reached skill level 5 in Fighting
  7909 | D:10     | Killed an unseen horror
  7909 | D:10     | Reached skill level 5 in Armour
  7909 | D:10     | Reached skill level 7 in Earth Magic
  7909 | D:10     | Reached XP level 10. HP: 58/59 MP: 13/20
  7949 | D:10     | Found a staircase to the Lair.
  7969 | D:9      | Found Peic's Magic Scroll Shoppe.
  7975 | D:9      | Noticed Psyche
  7981 | D:9      | Killed Psyche
  7981 | D:9      | Reached *** piety under Sif Muna
  7983 | D:9      | Bought a scroll of identify for 28 gold pieces
  8178 | D:9      | Noticed Joseph
  8592 | D:8      | Learned a level 5 spell: Lee's Rapid Deconstruction
  8618 | D:8      | Noticed Erica
  8627 | D:8      | Killed Erica
  9200 | D:7      | Killed Menkaure
  9998 | D:9      | Killed Joseph
  9998 | D:9      | Reached skill level 5 in Conjurations
  9998 | D:9      | Reached XP level 11. HP: 64/64 MP: 18/23
 10025 | D:9      | Found a snail-covered altar of Cheibriados.
 10070 | D:9      | Noticed Grum
 10102 | D:9      | Killed Grum
 10102 | D:9      | Reached **** piety under Sif Muna
 10175 | D:9      | Reached skill level 8 in Earth Magic
 10929 | D:10     | Noticed a two-headed hydra
 10951 | D:10     | Killed a two-headed hydra
 11557 | D:11     | Noticed a four-headed hydra
 11582 | D:11     | Killed a four-headed hydra
 11947 | D:11     | Noticed Fannar
 12147 | D:11     | Killed Fannar
 12147 | D:11     | Reached skill level 1 in Shields
 12297 | D:11     | Reached skill level 5 in Invocations
 12356 | D:11     | Found Quofag's Magic Scroll Shop.
 12407 | D:11     | Bought a scroll of enchant weapon for 97 gold pieces
 12407 | D:11     | Bought a scroll of identify for 26 gold pieces
 12407 | D:11     | Bought a scroll of identify for 26 gold pieces
 12407 | D:11     | Bought a scroll of teleportation for 39 gold pieces
 12538 | D:11     | Reached XP level 12. HP: 65/72 MP: 25/25
 13192 | Lair:1   | Entered Level 1 of the Lair of Beasts
 13324 | Lair:1   | Reached skill level 9 in Earth Magic
 13363 | Lair:1   | You fall through a shaft!
 14174 | Lair:1   | Reached ***** piety under Sif Muna
 14603 | Lair:2   | Noticed Urug
 15024 | Lair:2   | Killed Urug
 15136 | Lair:2   | Noticed Harold
 15151 | Lair:2   | Killed Harold
 15498 | Lair:2   | Received a gift from Sif Muna
 15506 | Lair:2   | Learned a level 5 spell: Bolt of Magma
 15513 | Lair:2   | Learned a level 6 spell: Iron Shot
 16292 | Lair:3   | Reached skill level 10 in Spellcasting
 16605 | Lair:3   | Reached XP level 13. HP: 49/78 MP: 23/27
 16801 | Lair:3   | Got a twisted dagger
 16803 | Lair:3   | Identified the +7 dagger of Wrongful Imprisonment {venom, rPois rN+ MR+ Int-3} (You found it on level 3 of the Lair of Beasts)
 17325 | Lair:3   | Found a hole to the Spider Nest.
 17338 | Lair:3   | Reached skill level 10 in Earth Magic
 17601 | Lair:4   | Got an encrusted dagger
 17602 | Lair:4   | Identified the +9 dagger of Afrinel {pierce, *Drain +Inv +Fly MR++} (You found it on level 4 of the Lair of Beasts)
 18727 | Lair:4   | Found a staircase to the Shoals.
 19334 | Lair:5   | Identified a scroll of acquirement
 19436 | Lair:5   | Reached skill level 1 in Staves
 19650 | Lair:5   | Reached skill level 1 in Evocations
 20496 | Lair:6   | Entered Level 6 of the Lair of Beasts
 20845 | Lair:6   | Upgraded the game from 0.22-a0-254-gaf95ca0 to 0.22-a0-258-g34c0b7b
 20976 | Lair:5   | Gained mutation: Your large and strong wings let you fly indefinitely. [Gargoyle growth]
 20976 | Lair:5   | Reached XP level 14. HP: 81/86 MP: 22/28
 21064 | Lair:6   | Reached skill level 11 in Earth Magic
 21242 | Lair:6   | Received a gift from Sif Muna
 21306 | Lair:6   | Found a runed door.
 21306 | Lair:6   | Found a viscous altar of Jiyva.
 21743 | Lair:6   | Found a staircase to the Slime Pits.
 21783 | Lair:6   | Reached skill level 10 in Fighting
 21926 | Lair:6   | Reached skill level 10 in Armour
 21986 | Lair:6   | Upgraded the game from 0.22-a0-258-g34c0b7b to 0.22-a0-259-gdd11e71
 22393 | Lair:6   | Learned a level 1 spell: Animate Skeleton
 22395 | Lair:6   | Learned a level 1 spell: Apportation
 23878 | D:12     | Noticed Azrael
 23899 | D:12     | Killed Azrael
 24187 | D:12     | Reached skill level 10 in Conjurations
 24187 | D:12     | Reached skill level 12 in Earth Magic
 24229 | D:12     | Found a staircase to the Orcish Mines.
 24852 | Orc:1    | Entered Level 1 of the Orcish Mines
 25039 | Orc:2    | Entered Level 2 of the Orcish Mines
 25270 | Orc:1    | Identified Sif Muna's Disquisition on Necromancy and Ice (Sif Muna gifted it to you on level 1 of the Orcish Mines)
 25270 | Orc:1    | Received a gift from Sif Muna
 25577 | Orc:2    | Paralysed by an orc sorcerer for 7 turns
 25592 | Orc:2    | Reached XP level 15. HP: 51/93 MP: 3/30
 26005 | Orc:2    | Found a staircase to the Elven Halls.
 26322 | Orc:1    | Found a roughly hewn altar of Beogh.
 26344 | Orc:1    | Found Liatwine's Distillery.
 26368 | Orc:1    | Bought a potion of magic for 120 gold pieces
 26368 | Orc:1    | Bought a potion of heal wounds for 75 gold pieces
 26368 | Orc:1    | Bought a potion of agility for 60 gold pieces
 26368 | Orc:1    | Bought a potion of heal wounds for 75 gold pieces
 26368 | Orc:1    | Bought a potion of curing for 45 gold pieces
 26368 | Orc:1    | Bought a potion of curing for 45 gold pieces
 27580 | Orc:2    | Found Kixidduu's General Store.
 27580 | Orc:2    | Found Suh Vuoc's Food Shoppe.
 27582 | Orc:2    | Found Hiupnoocw's Armour Shop.
 27582 | Orc:2    | Found Ameu's Assorted Antiques.
 27596 | Orc:2    | Bought a ration for 60 gold pieces
 27596 | Orc:2    | Bought a ration for 60 gold pieces
 27598 | Orc:2    | Bought a scroll of identify for 68 gold pieces
 27598 | Orc:2    | Bought a scroll labeled KIHOUNW XAGE for 34 gold pieces
 27704 | Orc:2    | Found Fylisiwi's Gadget Boutique.
 29215 | Orc:2    | Bought a runed buckler for 255 gold pieces
 29229 | Orc:2    | Bought a ration for 60 gold pieces
 29229 | Orc:2    | Bought a ration for 60 gold pieces
 29229 | Orc:2    | Bought a ration for 60 gold pieces
 29229 | Orc:2    | Bought a ration for 60 gold pieces
 29229 | Orc:2    | Bought a ration for 60 gold pieces
 29229 | Orc:2    | Bought a ration for 60 gold pieces
 29229 | Orc:2    | Bought a ration for 60 gold pieces
 29229 | Orc:2    | Bought a ration for 60 gold pieces
 29229 | Orc:2    | Bought a ration for 60 gold pieces
 29877 | D:14     | Found a gate to the Vaults.
 30563 | D:14     | Identified Sif Muna's Primer on the Arcane Arts (Sif Muna gifted it to you on level 14 of the Dungeon)
 30563 | D:14     | Received a gift from Sif Muna
 30755 | D:15     | Entered Level 15 of the Dungeon
 30882 | D:15     | Noticed tuf08440's ghost (journeyman DrEE)
 30911 | D:15     | Killed tuf08440's ghost
 30911 | D:15     | Reached skill level 5 in Shields
 31259 | D:15     | Reached skill level 13 in Earth Magic
 31856 | Spider:1 | Entered Level 1 of the Spider Nest
 31968 | Lair:3   | Learned a level 4 spell: Olgreb's Toxic Radiance
 31973 | Lair:3   | Learned a level 4 spell: Force Lance
 32031 | Lair:3   | Reached skill level 1 in Poison Magic
 32365 | Spider:1 | Reached XP level 16. HP: 84/101 MP: 22/32
 34150 | Spider:3 | Noticed Bai Suzhen
 34402 | Spider:2 | Reached skill level 5 in Poison Magic
 34941 | Spider:3 | Killed Bai Suzhen
 35172 | Spider:3 | Noticed Arachne
 35186 | Spider:3 | Killed Arachne
 35457 | Spider:4 | Entered Level 4 of the Spider Nest
 35797 | Spider:4 | Reached XP level 17. HP: 32/108 MP: 9/33
 36281 | Spider:4 | Reached skill level 14 in Earth Magic
 38479 | Spider:4 | Got a gossamer rune of Zot
 38782 | Shoals:1 | Entered Level 1 of the Shoals
 39040 | Shoals:1 | Identified Sif Muna's Papyrus of Combat Magic and Good Luck (Sif Muna gifted it to you on level 1 of the Shoals)
 39040 | Shoals:1 | Received a gift from Sif Muna
 39173 | Shoals:1 | Learned a level 6 spell: Poison Arrow
 40541 | Shoals:2 | Identified the cursed +0 whip of Gehenna {vamp, Dex+5} (You found it on level 2 of the Shoals)
 41118 | Shoals:3 | Found a frozen archway.
 41122 | IceCv    | Entered an ice cave
 41995 | IceCv    | Reached XP level 18. HP: 114/114 MP: 24/35
 42356 | IceCv    | Noticed an Ice Fiend
 42438 | IceCv    | Killed an Ice Fiend
 42491 | IceCv    | Identified a +2 pair of boots of running (You found it in an ice cave)
 42631 | Shoals:3 | Learned a level 4 spell: Leda's Liquefaction
 43314 | Shoals:3 | Reached skill level 15 in Earth Magic
 43511 | Shoals:3 | Got a faintly glowing ring mail
 43751 | Shoals:3 | Identified the +3 ring mail of Xekach {+Fly Str-4 Dex+10 Slay-4} (You took it off a merfolk on level 3 of the Shoals)
 44018 | Shoals:4 | Entered Level 4 of the Shoals
 44021 | Shoals:4 | Noticed b5mith's ghost (adept MiBe)
 45085 | Shoals:4 | Noticed Ilsuiw
 45225 | Shoals:4 | Killed Ilsuiw
 47986 | Shoals:4 | Reached skill level 5 in Dodging
 48968 | Shoals:4 | Upgraded the game from 0.22-a0-259-gdd11e71 to 0.22-a0-265-g0d8bc90
 49317 | Shoals:4 | Identified Sif Muna's Disquisition on Dark Battle Magic (Sif Muna gifted it to you on level 4 of the Shoals)
 49317 | Shoals:4 | Received a gift from Sif Muna
 49317 | Shoals:4 | Reached XP level 19. HP: 86/121 MP: 25/36
 49432 | Shoals:4 | Killed b5mith's ghost
 49907 | Shoals:4 | Got a barnacled rune of Zot
 50452 | Vaults:1 | Entered Level 1 of the Vaults
 50802 | Vaults:1 | Learned a level 7 spell: Orb of Destruction
 51616 | Vaults:1 | Reached skill level 16 in Earth Magic
 52743 | Vaults:2 | Reached skill level 15 in Fighting
 53012 | Vaults:1 | Paralysed by a great orb of eyes for 2 turns
 53373 | Vaults:2 | Found the ring of Shadows {Umbra +Inv Stlth+}
 53679 | Vaults:2 | Reached XP level 20. HP: 111/129 MP: 17/38
 53697 | Vaults:2 | Found Uvvogh's Food Shop.
 53732 | Vaults:2 | Received a gift from Sif Muna
 53739 | Vaults:2 | Bought a ration for 60 gold pieces
 53739 | Vaults:2 | Bought a ration for 60 gold pieces
 54751 | Vaults:3 | Reached skill level 15 in Conjurations
 54828 | Vaults:3 | Learned a level 5 spell: Irradiate
 56035 | Vaults:3 | Reached skill level 17 in Earth Magic
 56351 | Vaults:3 | Found a staircase to the Crypt.
 56671 | Vaults:3 | Paralysed by an ogre mage for 5 turns
 56776 | Vaults:3 | Found Umaehuow's Gadget Boutique.
 56904 | Vaults:3 | Reached skill level 15 in Spellcasting
 57462 | Vaults:4 | Found a portal to a secret trove of treasure.
 57635 | Vaults:4 | Reached skill level 10 in Shields
 60415 | Vaults:4 | Reached XP level 21. HP: 116/136 MP: 8/40
 60944 | Vaults:4 | Gained mutation: You tend to lose your temper in combat. [mutagenic glow]
 61141 | Vaults:4 | Identified Sif Muna's Grimoire of the Shifting Rocks (Sif Muna gifted it to you on level 4 of the Vaults)
 61141 | Vaults:4 | Received a gift from Sif Muna
 61511 | Vaults:4 | Paralysed by a lich for 2 turns
 61947 | Elf:1    | Entered Level 1 of the Elven Halls
 62400 | Elf:1    | Found Uguffuim's Armour Boutique.
 62495 | Elf:1    | Bought the cursed +0 pair of gloves "Xelloadwiq" {*Contam rElec rPois Int+8} for 432 gold pieces
 62808 | Elf:1    | Identified the +6 halberd "Gasumiw" {elec, rC+ rN++ Str+3 Dex-2} (You found it on level 1 of the Elven Halls)
 63037 | Elf:1    | Identified the Grimoire of Confrontation
 63854 | Elf:2    | Found Duenuacy's Assorted Antiques.
 63861 | Elf:2    | Bought 2 scrolls of teleportation for 138 gold pieces
 63861 | Elf:2    | Bought a scroll of identify for 46 gold pieces
 64335 | Elf:2    | Found a huge runed gate.
 64335 | Elf:2    | Found a huge runed gate.
 64335 | Elf:2    | Found a huge runed gate.
 64335 | Elf:2    | Found a huge runed gate.
 64335 | Elf:2    | Found a huge runed gate.
 64722 | Elf:2    | Noticed Donald
 64738 | Elf:2    | Killed Donald
 64811 | Elf:2    | Reached skill level 18 in Earth Magic
 65581 | Elf:3    | Entered Level 3 of the Elven Halls
 66156 | Elf:3    | Reached XP level 22. HP: 144/144 MP: 34/41
 66302 | Elf:3    | Identified Sif Muna's Volume of Quantum Unholy Secrets (Sif Muna gifted it to you on level 3 of the Elven Halls)
 66302 | Elf:3    | Received a gift from Sif Muna
 66313 | Elf:3    | Learned a level 8 spell: Lehudib's Crystal Spear
 67844 | Elf:3    | Got a jewelled chain mail
 68026 | Elf:3    | Got a spiked leather armour
 68037 | Elf:3    | Identified the +3 leather armour of Rauhum {Regen+} (You took it off a deep elf death mage on level 3 of the Elven Halls)
 68056 | Elf:3    | Found the +0 Maxwell's etheric cage {RegenMP+ *Contam rElec MP+4}
 68060 | Elf:3    | Identified the Grimoire of Crystal
 68369 | Elf:3    | Got a slimy copper ring
 68788 | Vaults:4 | You paid a toll of 13 scrolls of teleportation to enter a treasure trove
 68789 | Trove    | Entered a treasure trove
 68813 | Trove    | Got a heavily runed pewter ring
 68823 | Trove    | Identified the ring "Sung" {rF+ rC+} (You found it in a treasure trove)
 68842 | Trove    | Got a shimmering platinum ring
 68845 | Trove    | Identified the cursed ring of Uxkabis {*Corrode Str-3 Dex+5} (You found it in a treasure trove)
 68850 | Trove    | Identified the ring "Zenlock" {Ice *Slow rElec rN+++ Stlth-} (You took it off a deep elf annihilator on level 3 of the Elven Halls)
 68905 | Vaults:4 | Learned a level 2 spell: Blink
 68910 | Vaults:4 | Learned a level 3 spell: Ignite Poison
 68966 | Vaults:5 | Entered Level 5 of the Vaults
 69406 | Vaults:4 | Gained mutation: Your body sometimes deteriorates upon taking damage. [mutagenic glow]
 69463 | Vaults:4 | Gained mutation: You are occasionally teleported next to monsters. [mutagenic glow]
 69488 | Vaults:4 | Gained mutation: You are sometimes teleported next to monsters. [mutagenic glow]
 69609 | Vaults:5 | Noticed an ancient lich
 69650 | Vaults:4 | Gained mutation: You are clumsy. (Dex -2) [mutagenic glow]
 69672 | Vaults:4 | Gained mutation: You are frail. (-10% HP) [mutagenic glow]
 69729 | Vaults:4 | Lost mutation: You tend to lose your temper in combat. [potion of mutation]
 69729 | Vaults:4 | Lost mutation: You are clumsy. (Dex -2) [potion of mutation]
 69729 | Vaults:4 | Lost mutation: You are frail. (-10% HP) [potion of mutation]
 69729 | Vaults:4 | Gained mutation: Your flesh is heat resistant. (rF+) [potion of mutation]
 69729 | Vaults:4 | Gained mutation: Your flesh is very heat resistant. (rF++) [potion of mutation]
 69730 | Vaults:4 | Lost mutation: Your body sometimes deteriorates upon taking damage. [potion of mutation]
 69730 | Vaults:4 | Lost mutation: Your flesh is very heat resistant. (rF++) [potion of mutation]
 69730 | Vaults:4 | Gained mutation: You are clumsy. (Dex -2) [potion of mutation]
 69730 | Vaults:4 | Gained mutation: You expend magic power (3 MP) to strengthen your wands. [potion of mutation]
 69730 | Vaults:4 | Gained mutation: You are partially covered in large bone plates. (SH +4) [potion of mutation]
 69731 | Vaults:4 | Lost mutation: You are clumsy. (Dex -2) [potion of mutation]
 69731 | Vaults:4 | Lost mutation: Your flesh is heat resistant. (rF+) [potion of mutation]
 69731 | Vaults:4 | Gained mutation: You are frail. (-10% HP) [potion of mutation]
 69731 | Vaults:4 | Gained mutation: Your flesh is heat resistant. (rF+) [potion of mutation]
 69732 | Vaults:4 | Lost mutation: Your flesh is heat resistant. (rF+) [potion of mutation]
 69732 | Vaults:4 | Lost mutation: You expend magic power (3 MP) to strengthen your wands. [potion of mutation]
 69732 | Vaults:4 | Gained mutation: You possess an exceptional clarity of mind. [potion of mutation]
 69741 | Vaults:5 | Reached skill level 15 in Shields
 69742 | Vaults:5 | Reached skill level 15 in Armour
 69768 | Vaults:4 | Gained mutation: Your body sometimes deteriorates upon taking damage. [mutagenic glow]
 69790 | Vaults:4 | Gained mutation: Armour fits poorly on your strangely shaped body. [mutagenic glow]
 69847 | Vaults:4 | Gained mutation: Scrolls take you a little longer to read. [mutagenic glow]
 69868 | Vaults:4 | Lost mutation: Your body sometimes deteriorates upon taking damage. [potion of mutation]
 69868 | Vaults:4 | Lost mutation: Armour fits poorly on your strangely shaped body. [potion of mutation]
 69868 | Vaults:4 | Lost mutation: You are sometimes teleported next to monsters. [potion of mutation]
 69868 | Vaults:4 | Lost mutation: You are occasionally teleported next to monsters. [potion of mutation]
 69868 | Vaults:4 | Gained mutation: Your flesh is heat resistant. (rF+) [potion of mutation]
 69868 | Vaults:4 | Gained mutation: You have sharp toenails. [potion of mutation]
 69868 | Vaults:4 | Gained mutation: You are partially covered in yellow scales. (AC +2) [potion of mutation]
 69891 | Vaults:4 | Gained mutation: You have a pair of small antennae on your head. [mutagenic glow]
 69932 | Vaults:4 | Gained mutation: Your flesh is very heat resistant. (rF++) [mutagenic glow]
 70019 | Vaults:4 | Lost mutation: You are frail. (-10% HP) [mutagenic glow]
 70153 | Vaults:4 | Lost mutation: You have a pair of small antennae on your head. [potion of mutation]
 70153 | Vaults:4 | Lost mutation: You have sharp toenails. [potion of mutation]
 70153 | Vaults:4 | Lost mutation: You possess an exceptional clarity of mind. [potion of mutation]
 70153 | Vaults:4 | Gained mutation: You can translocate small distances at will. [potion of mutation]
 70153 | Vaults:4 | Gained mutation: Your body sometimes deteriorates upon taking damage. [potion of mutation]
 70153 | Vaults:4 | Gained mutation: You passively map a small area around you. [potion of mutation]
 70188 | Vaults:4 | Killed an ancient lich
 70188 | Vaults:4 | Reached XP level 23. HP: 51/149 MP: 20/43
 70341 | Vaults:4 | Learned a level 6 spell: Deflect Missiles
 70481 | Vaults:5 | Reached skill level 1 in Charms
 70481 | Vaults:5 | Reached skill level 1 in Air Magic
 70483 | Vaults:5 | Received a gift from Sif Muna
 70483 | Vaults:5 | Killed by mirror damage

Vault maps used:
D:1:      scummos_arrival_simple_fountains, st_stairs_12, serial_bayou_pond_d
D:2:      overflow_temple_1_default
D:3:      zin_scriptorium, first_ration, kennysheep_orc_chapel
D:4:      minmay_temple_entry_glassed_door, uniq_blork_the_orc, uniq_robin
D:6:      lemuel_coloured_pillars_altar, gup_sewer_entry_bowl, basic_altar,
          okawaru_metal_pillars_1_2
D:7:      gammafunk_temple_overflow_pools, gup_ossuary_entry_pyramid,
          kennysheep_generic_room_6, uniq_menkaure
D:8:      uniq_erica
D:9:      lemuel_doored_altar, serial_shops, shop, uniq_psyche, uniq_joseph,
          uniq_grum
D:10:     lair_entry_dummy, hangedman_ranch, minmay_stone_trees_large
D:11:     serial_shops, nicolae_shop_crystal, kennysheep_small_circle,
          uniq_fannar
D:12:     david_orc_1_choice, hangedman_decor_opposing,
          hangedman_abyss_or_decor_passed, uniq_azrael
D:14:     hangedman_vaults_entry_quadrant_bands, corexii_corridor_pit
D:15:     gammafunk_depths_entry_grave, columned_hall_lemuel, serial_shops,
          shop, minmay_checkerbox
Temple:   regret_index_temple_sphere_string
Lair:1:   serial_bayou_shore_b
Lair:2:   grunt_megastairs_4, lemuel_fruit_tree, uniq_urug, uniq_harold
Lair:3:   nicolae_spider_entry_orb_guardian, lemuel_old_faithful,
          grunt_megastairs_5, serial_bayou_shore_a
Lair:4:   shoals_dummy_entry, beast_lair_carwin_4, lemuel_fruit_fields
Lair:5:   beast_lair_carwin_8
Lair:6:   minmay_lair_end_frog_pond, slime_altar_2, serial_bayou_shore_b,
          serial_bayou_shore_b
Shoals:2: cheibrodos_shoals_roost
Shoals:3: portal_ice_cave_entry_ice_statue_two, nicolae_shoals_isolated_beach
Shoals:4: shoals_end_simple, shoals_ilsuiw_ice, nicolae_shoals_loop_pool
Spider:3: nicolae_spider_webs_and_nodes, uniq_bai_suzhen, uniq_arachne
Spider:4: johnstein_spider_rune_arachne_lair
Orc:1:    basic_altar, serial_shops, shop_coins
Orc:2:    grunt_orc_tribal_feast, serial_shops, shop
Elf:1:    eino_elf_arrival_sip, serial_shops, shop, minmay_elf_annihilation
Elf:2:    serial_shops, nicolae_shop_temple_entry_statues_fountains,
          minivault_25, uniq_donald
Elf:3:    grunt_elf_hall_branching
Vaults:1: ontoclasm_vaults_gateway, v_misc_24,
          vaults_room_grunt_arrival_checkpoint, hangedman_vaults_restitches,
          nicolae_vaults_puzzle_piece, nicolae_vaults_twisting_passages,
          vaults_dpeg_cross, nicolae_vaults_three_branches,
          nicolae_vaults_little_ls, ontoclasm_vaults_pinch, vaults_mumra_hex,
          ontoclasm_vaults_misaligned, nicolae_vaults_little_squares_4
Vaults:2: vaults_room_pools, hangedman_vaults_cutoff, ontoclasm_vaults_ligature,
          v_misc_23, v_misc_8, st_quartered_hall, v_misc_24,
          nicolae_vaults_little_squares_4, vaults_room_door_hall, serial_ice_b,
          v_alt_pattern_2, v_misc_3, ontoclasm_vaults_decontamination,
          ontoclasm_vaults_chip, vaults_mumra_minichess,
          vaults_room_mumra_shop_pool, vaults_dpeg_ring
Vaults:3: v_pattern_1, ontoclasm_vaults_eye, vaults_mumra_chevron_long,
          minmay_crypt_entry_simple_box, vaults_dpeg_encased_lava, v_misc_25,
          nicolae_vaults_alarming, v_misc_13, vaults_mumra_hexcomb,
          serial_shops, shop
Vaults:4: hangedman_vaults_impose, nicolae_vaults_statue_guard, serial_ice_g,
          nicolae_vaults_big_ls, v_misc_28, hangedman_vaults_snaps,
          nicolae_vaults_circle_grid_a, ontoclasm_vaults_tryst,
          ontoclasm_vaults_hangar, v_misc_26, v_misc_33, v_misc_32, v_misc_23,
          hangedman_vaults_impose, enter_trove_3
Trove:    trove_simple
Sewer:    kennysheep_sewer_church
Ossuary:  ossuary_due_cavern
IceCv:    ice_cave_caverns_01

Skill      XL: |  1  2  3  4  5  6  7  8  9 10 11 12 13 14 15 16 17 18 19 20 21 22 23 |
---------------+----------------------------------------------------------------------+-----
Fighting       | 1 2 3 4 5 6 7 8 9 10 11 12 13 14 15 16 17 | 17.1
Dodging        | 2 3 5 |  5.6
Earth Magic    | 4 5 6 7 8 9 10 12 13 14 15 16 17 18 | 18.6
Stealth        | 3 4 5 6 |  6.0
Armour         | 1 2 3 4 5 6 7 8 9 10 11 12 13 14 15 | 15.1
Spellcasting   | 3 4 5 6 8 9 10 11 12 13 14 15 16 | 16.1
Short Blades   | 1 2 3 4 |  4.0
Conjurations   | 2 3 5 6 7 8 10 11 12 13 14 15 16 | 16.6
Transmutations | 1 2 3 4 |  4.0
Throwing       | 2 3 |  3.0
Invocations    | 1 3 5 6 7 8 |  8.1
Shields        | 1 3 4 5 7 8 9 10 11 15 | 15.0
Staves         | 2 |  2.0
Evocations     | 2 |  2.1
Poison Magic   | 3 5 6 7 8 |  8.0
Charms         | 3 |  3.9
Air Magic      | 3 |  3.5

Action                   |  1- 3 |  4- 6 |  7- 9 | 10-12 | 13-15 | 16-18 | 19-21 | 22-24 || total
-------------------------+-------+-------+-------+-------+-------+-------+-------+-------++-------
Melee: Unarmed           |    21 |       |       |       |       |       |       |       ||    21
       Dagger            |    22 |   140 |       |       |       |       |       |       ||   162
       Short sword       |       |    40 |   282 |   431 |   347 |   168 |    96 |     1 ||  1365
       Staff             |       |       |       |       |   254 |    43 |   211 |    10 ||   518
 Fire: Hunting sling     |       |    53 |       |       |       |       |       |       ||    53
       Blowgun           |       |       |    10 |   546 |   449 |     5 |       |       ||  1010
Throw: Tomahawk          |       |     3 |     2 |     5 |       |       |       |       ||    10
       Throwing net      |       |       |       |       |     3 |     1 |     1 |       ||     5
 Cast: Sandblast         |    26 |    86 |    85 |    48 |   189 |   186 |   410 |    33 ||  1063
       Stone Arrow       |       |    15 |    15 |    35 |   249 |   253 |   169 |       ||   736
       Passwall          |       |     2 |       |     3 |     3 |     3 |       |       ||    11
       Petrify           |       |       |       |    39 |    74 |    24 |    30 |       ||   167
       Lee's Rapid Decon |       |       |       |    15 |    72 |    30 |    29 |       ||   146
       Bolt of Magma     |       |       |       |     7 |    18 |   147 |    86 |    21 ||   279
       Iron Shot         |       |       |       |       |    48 |    58 |     9 |       ||   115
       Animate Skeleton  |       |       |       |       |     2 |       |       |       ||     2
       Olgreb's Toxic Ra |       |       |       |       |     5 |   123 |   100 |    15 ||   243
       Poison Arrow      |       |       |       |       |       |    77 |   104 |    58 ||   239
       Apportation       |       |       |       |       |       |     2 |     4 |       ||     6
       Force Lance       |       |       |       |       |       |     1 |       |       ||     1
       Leda's Liquefacti |       |       |       |       |       |     1 |     2 |       ||     3
       Orb of Destructio |       |       |       |       |       |       |    27 |    30 ||    57
       Irradiate         |       |       |       |       |       |       |    24 |    22 ||    46
       Blink             |       |       |       |       |       |       |       |    10 ||    10
       Ignite Poison     |       |       |       |       |       |       |       |     5 ||     5
       Lehudib's Crystal |       |       |       |       |       |       |       |     3 ||     3
       Deflect Missiles  |       |       |       |       |       |       |       |     1 ||     1
Invok: Channel Magic     |       |       |       |     1 |    16 |    24 |    14 |     2 ||    57
 Abil: Fly               |       |       |       |       |       |     1 |     1 |       ||     2
       Stop Flying       |       |       |       |       |       |       |     1 |       ||     1
Evoke: Wand              |       |       |       |     3 |    16 |    18 |       |     1 ||    38
       Lamp of fire      |       |       |       |       |       |     2 |     1 |       ||     3
       Box of beasts     |       |       |       |       |       |     1 |       |       ||     1
       Fan of gales      |       |       |       |       |       |       |     1 |       ||     1
       Phantom mirror    |       |       |       |       |       |       |     1 |       ||     1
  Use: Scroll            |     5 |     6 |     6 |    14 |    18 |    16 |    10 |    13 ||    88
       Potion            |       |     4 |     3 |     2 |     6 |     7 |     5 |    10 ||    37
 Stab: Sleeping          |       |     3 |    10 |       |     2 |       |       |       ||    15
       Petrified         |       |       |       |    57 |   124 |    46 |    52 |       ||   279
       Paralysed         |       |       |       |     3 |     4 |       |       |       ||     7
       Petrifying        |       |       |       |     2 |     3 |     2 |     8 |       ||    15
       Confused          |       |       |       |       |     6 |       |       |       ||     6
       Held in net/web   |       |       |       |       |     2 |       |       |       ||     2
       Invisible         |       |       |       |       |       |     1 |       |       ||     1
  Eat: Chunk             |     2 |    11 |     8 |    22 |    49 |    52 |    45 |     9 ||   198
       Ration            |       |       |     2 |     4 |    12 |    18 |    11 |     3 ||    50
Armor: Robe              |     5 |       |       |   216 |   506 |       |       |       ||   727
       Leather armour    |    15 |   102 |   156 |   127 |       |       |   143 |    97 ||   640
       Troll leather arm |       |       |       |       |   341 |   811 |   315 |       ||  1467
       Fire dragon scale |       |       |       |       |       |       |     2 |       ||     2
Dodge: Dodged            |    39 |   182 |   212 |   393 |   763 |   654 |   573 |    81 ||  2897
       Deflected         |       |       |       |       |       |       |       |     1 ||     1
Block: Buckler           |       |       |       |    74 |   310 |   436 |   373 |    21 ||  1214
       Shield            |       |       |       |       |       |       |       |   120 ||   120
       Reflection        |       |       |       |       |       |       |       |    25 ||    25

Table legend:
 A = Spawn XP
 B = Non-spawn XP
 C = Spawn XP percentage of total XP
 D = Spawn monster count
 E = Non-spawn monster count
 F = Spawn count percentage of total count
 G = Total turns spent on level
                    A         B        C        D         E        F      G
               +---------+---------+-------+---------+---------+-------+---------
         Total |       0 |  749262 |   0.0 |       0 |    1767 |   0.0 | 70483
               +---------+---------+-------+---------+---------+-------+---------
           D:1 |       0 |      57 |   0.0 |       0 |      18 |   0.0 |  1632
           D:2 |       0 |     128 |   0.0 |       0 |      32 |   0.0 |   942
           D:3 |       0 |     279 |   0.0 |       0 |      31 |   0.0 |  1388
           D:4 |       0 |     657 |   0.0 |       0 |      30 |   0.0 |  1175
           D:5 |       0 |     937 |   0.0 |       0 |      17 |   0.0 |   985
           D:6 |       0 |     461 |   0.0 |       0 |      17 |   0.0 |   702
           D:7 |       0 |     979 |   0.0 |       0 |      15 |   0.0 |   656
           D:8 |       0 |    2618 |   0.0 |       0 |      27 |   0.0 |  1089
           D:9 |       0 |    3233 |   0.0 |       0 |      25 |   0.0 |  1149
          D:10 |       0 |    3669 |   0.0 |       0 |      21 |   0.0 |  1264
          D:11 |       0 |    5693 |   0.0 |       0 |      48 |   0.0 |  1818
          D:12 |       0 |   10499 |   0.0 |       0 |      71 |   0.0 |  1605
          D:13 |       0 |    5488 |   0.0 |       0 |      37 |   0.0 |  1317
          D:14 |       0 |   13443 |   0.0 |       0 |      36 |   0.0 |  1670
          D:15 |       0 |    7268 |   0.0 |       0 |      15 |   0.0 |   823
        Lair:1 |       0 |    4366 |   0.0 |       0 |      21 |   0.0 |  1481
        Lair:2 |       0 |    3586 |   0.0 |       0 |       8 |   0.0 |  1452
        Lair:3 |       0 |    9402 |   0.0 |       0 |      34 |   0.0 |  1986
        Lair:4 |       0 |    7047 |   0.0 |       0 |      23 |   0.0 |  1667
        Lair:5 |       0 |   12192 |   0.0 |       0 |      42 |   0.0 |  1706
        Lair:6 |       0 |   17707 |   0.0 |       0 |      68 |   0.0 |  2332
      Shoals:1 |       0 |    9269 |   0.0 |       0 |      17 |   0.0 |  1508
      Shoals:2 |       0 |   11321 |   0.0 |       0 |      23 |   0.0 |   904
      Shoals:3 |       0 |   26666 |   0.0 |       0 |      48 |   0.0 |  5398
      Shoals:4 |       0 |   46701 |   0.0 |       0 |      84 |   0.0 |  2217
      Spider:1 |       0 |   12507 |   0.0 |       0 |      40 |   0.0 |   919
      Spider:2 |       0 |   13652 |   0.0 |       0 |      34 |   0.0 |  1096
      Spider:3 |       0 |   20796 |   0.0 |       0 |      33 |   0.0 |  1214
      Spider:4 |       0 |   44562 |   0.0 |       0 |      98 |   0.0 |  3101
         Orc:1 |       0 |    3854 |   0.0 |       0 |      28 |   0.0 |  1132
         Orc:2 |       0 |    9730 |   0.0 |       0 |      58 |   0.0 |  2065
         Elf:1 |       0 |   18772 |   0.0 |       0 |      36 |   0.0 |  1773
         Elf:2 |       0 |   46082 |   0.0 |       0 |      64 |   0.0 |  2917
         Elf:3 |       0 |   63038 |   0.0 |       0 |      63 |   0.0 |  1910
      Vaults:1 |       0 |   39210 |   0.0 |       0 |      57 |   0.0 |  2077
      Vaults:2 |       0 |   50656 |   0.0 |       0 |      81 |   0.0 |  2208
      Vaults:3 |       0 |   45074 |   0.0 |       0 |      84 |   0.0 |  4051
      Vaults:4 |       0 |   92986 |   0.0 |       0 |     108 |   0.0 |  4748
      Vaults:5 |       0 |   71282 |   0.0 |       0 |      66 |   0.0 |    47
         Sewer |       0 |     728 |   0.0 |       0 |      37 |   0.0 |   562
       Ossuary |       0 |     565 |   0.0 |       0 |      13 |   0.0 |   240
         IceCv |       0 |   12102 |   0.0 |       0 |      59 |   0.0 |  1400
               +---------+---------+-------+---------+---------+-------+---------
